 Dungeon Crawl Stone Soup version 0.27-a0-54-g64bdb92e38 (webtiles) character file.

Game seed: 2082951996064202873

520 runemasterragnar the Skirmisher (level 7, -1/78 HPs)
             Began as an Ogre Monk on Jan 7, 2021.
             Slain by a hound (4 damage)
             ... on level 5 of the Dungeon.
             The game lasted 00:05:33 (5603 turns).

runemasterragnar the Skirmisher (Ogre Monk)         Turns: 5603, Time: 00:05:34

Health: -1/78      AC:  4    Str: 16    XL:     7   Next: 21%
Magic:  7/7        EV:  6    Int: 13    God:
Gold:   591        SH:  0    Dex: 11    Spells: 6/6 levels left

rFire    . . .     SeeInvis .   a - +1 mace
rCold    . . .     Faith    .   (no shield)
rNeg     . . .     Spirit   .   b - +1 robe
rPois    +         Reflect  .   (helmet restricted)
rElec    .         Harm     .   g - scarf {+Inv}
rCorr    .         Rampage  .   (gloves unavailable)
Will     .....     Rnd*Tele +   (boots unavailable)
Stlth    ++........             (no amulet)
HPRegen  0.23/turn              l - ring of teleportation (curse)
MPRegen  0.10/turn              p - ring of poison resistance

@: about to teleport, berserk cooldown, held
A: large, unfitting armour, tough skin 1
a: Evoke Invisibility


You were on level 5 of the Dungeon.
You visited 1 branch of the dungeon, and saw 5 of its levels.

You collected 591 gold pieces.

Inventory:

Hand Weapons
 a - a +1 mace (weapon)
 o - a +0 flail
Missiles
 k - 15 poisoned darts (quivered)
Armour
 b - a +1 robe (worn)
 g - a scarf of invisibility (worn)
Jewellery
 i - an uncursed ring of positive energy
 l - a cursed ring of teleportation (left hand)
 p - a ring of poison resistance (right hand)
 s - an uncursed ring of wizardry {unknown}
Wands
 t - a wand of paralysis (8)
Scrolls
 e - 3 scrolls of enchant weapon
 m - a scroll of teleportation
 r - a scroll of enchant armour
Potions
 c - a potion of flight {unknown}
 d - a potion of brilliance {unknown}
 f - 2 potions of lignification
 j - 2 potions of curing {unknown}
 n - 2 potions of ambrosia
 q - a potion of might {unknown}
 u - a potion of invisibility {unknown}


   Skills:
 * Level 7.1 Fighting
 * Level 4.9 Maces & Flails
 + Level 1.3 Throwing
 + Level 4.0 Dodging
 - Level 1.4 Stealth


You had 6 spell levels left.
You didn't know any spells.
Your spell library was empty.

Dungeon Overview and Level Annotations

Branches:
Dungeon (5/15)
 Temple: D:4-7

Altars:
Cheibriados

Shops:
D:4 [


Innate Abilities, Weirdness & Mutations

You are too large for most types of armour.
You have tough skin. (AC +1)


Message History

You become entangled in the net!
A gnoll shaman comes into view. It is wielding a +0 club.
Found a throwing net.
Found a stone staircase leading down.
You see here a throwing net.
As you read the scroll of teleportation, it crumbles to dust.
You feel strangely unstable.
The gnoll shaman shouts!
You hear a bark!
You hear a shout!
A gnoll comes into view. It is wielding a +0 flail.
Unknown command.
You struggle against the net.
The gnoll shaman hits you with a +0 club.
* * * LOW HITPOINT WARNING * * *
Unknown command.
You struggle against the net.
The gnoll shaman hits you with a +0 club!
* * * LOW HITPOINT WARNING * * *
Unknown command.
You struggle against the net.
The hound closely misses you. The hound bites you.
You die...

..# .## .... .#
#..# .# ##..# ..
#...# ..# ...# .##
# #..# .#
#.o.##..# .+
.......@# .#
#.....gh#
.#####+###.......g
.##..(..
...>....g. ..+....
.........g. .##..#
##..##......
.##..##.###..
#..##...
......#..... ...#
...# ......#...


You could see a gnoll shaman, a hound, 3 gnolls and an orc (wandering).

Vanquished Creatures
  Duvessa (D:4)
  Dowan (D:4)
  A howler monkey (D:4)
  A bullfrog skeleton (D:5)
  Jessica (D:2)
  An orc wizard (D:5)
  5 worker ants
  2 adders
  A shadow imp (D:5)
  An ufetubus (D:4)
  An ooze (D:3)
  3 worms
  A dart slug (D:2)
  3 leopard geckos
  9 orcs
  10 bats
  5 giant cockroaches
  8 goblins
  3 hobgoblins
  5 jackals
  6 quokkas
  2 ball pythons
  A ball python skeleton (D:4)
  2 frilled lizards
  3 kobolds
  4 rats
81 creatures vanquished.

Notes
Turn   | Place    | Note
-------+----------+-------------------------------------------
     0 | D:1      | runemasterragnar the Ogre Monk began the quest for the Orb.
     0 | D:1      | Reached XP level 1. HP: 24/24 MP: 1/1
    13 | D:1      | Found a snail-covered altar of Cheibriados.
   301 | D:1      | Reached XP level 2. HP: 32/32 MP: 2/2
  1730 | D:2      | Noticed Jessica
  1733 | D:2      | Killed Jessica
  1734 | D:2      | Reached XP level 3. HP: 30/41 MP: 3/3
  1822 | D:2      | Reached skill level 5 in Fighting
  2130 | D:2      | Reached XP level 4. HP: 35/50 MP: 4/4
  3034 | D:3      | Reached XP level 5. HP: 41/57 MP: 5/5
  3346 | D:4      | Found a snail-covered altar of Cheibriados.
  3346 | D:4      | Found Ijim's Antique Armour Boutique.
  3352 | D:4      | Noticed Duvessa
  3374 | D:4      | Killed Duvessa
  3375 | D:4      | Reached skill level 6 in Fighting
  3390 | D:4      | Noticed Dowan
  3403 | D:4      | Killed Dowan
  3404 | D:4      | Reached XP level 6. HP: 23/68 MP: 6/6
  4369 | D:4      | Reached skill level 1 in Throwing
  5221 | D:5      | Entered Level 5 of the Dungeon
  5285 | D:5      | Reached skill level 7 in Fighting
  5285 | D:5      | Reached XP level 7. HP: 41/77 MP: 7/7
  5602 | D:5      | HP: 3/78 [gnoll shaman/+0 club (12)]
  5603 | D:5      | Slain by a hound

Illustrated notes

Levels and vault maps discovered:
D:1:      evilmike_arrival_crescent, layout_loops_ring, cheibriados_altar_1
D:2:      layout_loops_ring, minmay_3d_cube, uniq_jessica
D:3:      layout_rooms
D:4:      minmay_polygon_palace, layout_layer_cave,
          nicolae_overflow_hidden_temple, serial_shops, shop, uniq_duvessa
D:5:      layout_gridville

Skill      XL: |  1  2  3  4  5  6  7 |
---------------+----------------------+-----
Maces & Flails | 3 4 |  4.9
Dodging        | 3 4 |  4.0
Fighting       | 5 6 7 |  7.1
Throwing       | 1 |  1.3
Stealth        | |  1.4

Action                   |  1- 3 |  4- 6 |  7- 9 || total
-------------------------+-------+-------+-------++-------
Melee: Mace              |    94 |   191 |    26 ||   311
       Unarmed           |       |    32 |     7 ||    39
  Use: Scroll            |     7 |     5 |     1 ||    13
       Potion            |       |     2 |     1 ||     3
 Stab: Sleeping          |     3 |     2 |       ||     5
       Distracted        |       |       |     1 ||     1
Armor: Robe              |    51 |    74 |     6 ||   131
       Skin              |       |    40 |     5 ||    45
Dodge: Dodged            |    59 |   167 |    12 ||   238

Table legend: (Time is in decaauts)
 A = Elapsed time spent in this place.
 B = Non-inter-level travel time spent in this place.
 C = Inter-level travel time spent in this place.
 D = Time resting spent in this place.
 E = Time spent auto-exploring this place.
 F = Levels seen in this place.
 G = Mean time per level.
                   A        B        C        D        E       F      G
               +--------+--------+--------+--------+--------+-----+--------+
         Total |   5674 |   5509 |    165 |   1163 |   3501 |   5 | 1134.8 |
       Dungeon |   5674 |   5509 |    165 |   1163 |   3501 |   5 | 1134.8 |
               +--------+--------+--------+--------+--------+-----+--------+

Top non-repeatable levels by time:
     D:4: 1883 daAuts
     D:2: 1613 daAuts
     D:3: 930 daAuts
     D:1: 850 daAuts
     D:5: 395 daAuts
